 Dungeon Crawl Stone Soup version 0.28-a0-1412-gf95308ed99 (webtiles) character file.

Game seed: 16523199659599064408

17103 Hasart the Summoner (level 12, -5/59 HPs)
             Began as a Kobold Summoner on Jan 6, 2022.
             Was a Priest of Hepliaklqana.
             Slain by Rupert (18 damage)
             ... on level 2 of the Orcish Mines.
             The game lasted 00:49:39 (12847 turns).

Hasart the Summoner (Kobold Summoner)              Turns: 12847, Time: 00:49:40

Health: -5/59      AC: 14    Str:  6    XL:     12   Next: 78%
Magic:  19/24      EV: 16    Int: 20    God:    Hepliaklqana [***...]
Gold:   851        SH:  0    Dex: 16    Spells: 13/28 levels left

rFire   + . .      SeeInvis .   p - +1 quarterstaff (spect)
rCold   . . .      Faith    .   (shield currently unavailable)
rNeg    . . .      Spirit   .   u - +1 troll leather armour {Snorg}
rPois   .          Reflect  .   (no helmet)
rElec   .          Harm     .   w - +1 cloak {Will+}
rCorr   .          Rampage  .   e - +0 pair of gloves
Will    +....                   q - +1 pair of boots
Stlth   ++++......              j - amulet of regeneration
HPRegen 1.79/turn               d - ring of wizardry
MPRegen 0.19/turn               v - ring of Codda {rF+ AC+4}

@: about to teleport
A: reduced essence, small, no large weapons, nightstalker 3
a: Renounce Religion, Recall Ancestor, Ancestor Identity, Transference


You were on level 2 of the Orcish Mines.
You worshipped Hepliaklqana.
Hepliaklqana was most pleased with you.
You visited 3 branches of the dungeon, and saw 14 of its levels.
You also visited: Ossuary.

You collected 851 gold pieces.

Inventory:

Hand Weapons
 p - a +1 spectral quarterstaff (weapon)
 B - a +3 scimitar of flaming
Armour
 a - a +2 leather armour of cold resistance
 e - a +0 pair of gloves (worn)
 l - a +0 buckler
 q - a +1 pair of boots (worn)
 u - a +1 troll leather armour (worn) {Snorg}
 w - a +1 cloak of willpower (worn)
 H - +0 steam dragon scales
Jewellery
 d - a ring of wizardry (left hand)
 j - an amulet of regeneration (around neck)
 v - the ring of Codda (right hand) {rF+ AC+4}
   (You found it on level 5 of the Dungeon)

   [ring of protection]

   AC:        It affects your AC (+4).
   rF:        It protects you from fire.
 E - a +4 ring of evasion
Wands
 c - a wand of digging (6)
 g - a wand of flame (5)
 k - a wand of iceblast (13)
 D - a wand of polymorph (13)
 G - a wand of paralysis (6)
Scrolls
 b - 4 scrolls of teleportation
 f - 8 scrolls of identify
 s - 3 scrolls of fear
 x - 3 scrolls of immolation
 y - a scroll of holy word
 I - 3 scrolls of enchant armour
Potions
 h - 2 potions of flight {unknown}
 i - 4 potions of curing
 m - a potion of attraction {unknown}
 n - 4 potions of lignification {unknown}
 o - 5 potions of degeneration {unknown}
 r - a potion of might {unknown}
 t - a potion of mutation {unknown}
 z - a potion of cancellation {unknown}
 A - a potion of ambrosia
 C - a potion of heal wounds {unknown}
 J - a potion of haste {unknown}
 K - a potion of resistance {unknown}


   Skills:
 + Level 4.0 Fighting
 - Level 0.3 Short Blades
 - Level 0.3 Maces & Flails
 + Level 5.1 Dodging
 + Level 6.3 Stealth
 + Level 8.6 Spellcasting
 * Level 12.7 Summonings
 - Level 5.0 Fire Magic
 + Level 7.8 Air Magic
 - Level 5.0 Poison Magic
 + Level 4.2 Invocations
 + Level 4.3 Evocations


You had 13 spell levels left.
You knew the following spells:

 Your Spells              Type           Power      Damage    Failure   Level
a - Call Imp              Summ           56%        N/A       1%          2
c - Call Canine Familiar  Summ           56%        N/A       1%          3
d - Summon Lightning Spi  Summ/Air       49%        N/A       1%          4
e - Mephitic Cloud        Conj/Pois/Air  25%        N/A       2%          3
f - Ignite Poison         Fire/Tmut/Pois 21%        N/A       4%          3

Your spell library contained the following spells:

 Spells                   Type           Power      Damage    Failure   Level
 Summon Small Mammal      Summ           100%       N/A       1%          1
 Summon Guardian Golem    Hex/Summ       34%        N/A       1%          3
 Beastly Appendage        Tmut           16%        N/A       5%          1
 Spider Form              Tmut/Pois      18%        N/A       6%          3
 Ensorcelled Hibernation  Hex/Ice        16%        N/A       8%          2
 Wereblood                Tmut           8%         N/A       8%          2
 Portal Projectile        Hex/Tloc       16%        N/A       16%         3
 Tukima's Dance           Hex            8%         N/A       16%         3
 Vampiric Draining        Necr           8%         2d6       16%         3
 Freezing Cloud           Conj/Ice/Air   9%         6-21      41%         5
 Iskenderun's Mystic Bla  Conj/Tloc      8%         2d4       43%         4
 Leda's Liquefaction      Hex/Erth       4%         N/A       43%         4
 Enfeeble                 Hex            4%         N/A       100%        7
 Borgnjor's Revivificati  Necr           4%         N/A       100%        8
 Necromutation            Tmut/Necr      4%         N/A       100%        8
 Death's Door             Necr           4%         N/A       100%        9


Dungeon Overview and Level Annotations

Branches:
Dungeon (11/15)            Temple (1/1) D:5            Lair (0/6) D:10
    Orc (2/2) D:9             Elf (0/3) Orc:2       Ossuary (visited)

Altars:
Ashenzari
Cheibriados
Dithmenos
Elyvilon
Fedhas
Gozag
Hepliaklqana
Kikubaaqudgha
Makhleb
Nemelex Xobeh
Okawaru
Qazlal
Ru
Sif Muna
Trog
Uskayaw
Vehumet
Wu Jian
Xom
Yredelemnul
Zin
The Shining One
Beogh

Annotations:
Orc:2 Rupert


Innate Abilities, Weirdness & Mutations

Your life essence is reduced to manifest your ancestor. (-10% HP)
You are small and have problems with some larger weapons.
You are completely attuned to the shadows.


Message History

The orc priest is engulfed in noxious fumes.
The orc priest appears confused.
The orc priest closely misses Vojta.
An orc knight comes into view. It is wielding a +4 great sword.
The orc completely misses you.
Unknown command.
An orc comes into view. It is wielding a +0 trident.
The orc priest is engulfed in noxious fumes.
The orc priest appears confused.
The orc knight roars a battlecry!
The orcs go into a battle-frenzy!
Vojta hits the orc priest with a +0 quarterstaff.
The orc priest dies!
Rupert hits you with a +4 great sword of protection!!
An orc warrior comes into view. It is wielding a +0 halberd.
An orc comes into view.
It is wielding a +0 club and quivering boomerangs of dispersal.
The orc closely misses you.
The orc shouts!
As you read the scroll of teleportation, it crumbles to dust.
You feel strangely unstable. Rupert hits you but does no damage.
Vojta points at the orc and mumbles some strange words.
The puff of frost hits the orc!
The orc dies!
Unknown command.
Unknown command.
Unknown command.
The orc warrior closely misses you. The orc misses you.
The orc knight hits you with a +4 great sword!!
An orc wizard comes into view. It is wielding a +0 dagger.
Rupert hits you with a +4 great sword of protection!
* * * LOW HITPOINT WARNING * * *
Unknown command.
As you read the scroll of fear, it crumbles to dust.
You assume a fearsome visage.
Rupert is unaffected.
The orc warrior looks frightened!
The orc looks frightened!
The orc knight looks frightened!
The orc wizard looks frightened!
The orc warrior looks frightened!
The orc looks frightened! x2
The orc warrior resists with some effort.
The orc warrior closely misses you.
Rupert hits you with a +4 great sword of protection!!
You die...

....##**,,,,,,,,,*
>....#*,,,,,,,,,,******
##.$.##***,,,,,,,,,,*,**
#.....#,,*,*,,,,,,,,,,,*
#.)...#,,*##**..o....,**
##ยง...#+##.#
##......,,* *##.......#*
#.ooo...,**
*.........####.o.o...**
,....#......##.o@#..#*
,...###.....#..@#o.##
,,.#,...........)...#*
,,**###..#....##.....*
,,* #.........)R#.#* ,**
**##......o..).#* ,*
**,*#..$........#** **
*,,,....###.......*** *
***,,,...,#....))..,,**


You could see the friendly Vojta the battlemage, Rupert (berserk), an orc knight
(fleeing, ally target), 3 orc warriors, an orc wizard (strong, fleeing) and 3
orcs.

Vanquished Creatures
  A hydra (D:11)
  Erica (D:8)
  Sonja (D:10)
  2 orc knights
  An ugly thing (D:11)
  Maurice (D:9)
  An unseen horror (D:11)
  A kobold demonologist (D:10)
  2 trolls
  A shadow (D:10)
  A wraith (D:10)
  5 yaks
  3 vampire mosquitoes
  5 orc warriors
  A sky beast (D:7)
  4 ogres
  3 wolves (D:10)
  An elf zombie (Ossuary)
  A bullfrog (D:6)
  A scorpion (D:6)
  6 killer bees
  A troll zombie (D:9)
  A water moccasin skeleton (D:6)
  2 wights
  2 electric eels (D:10)
  3 centaur zombies
  A bullfrog zombie (D:6)
  3 orc priests
  4 hounds
  2 human zombies (Ossuary)
  An iguana (D:4)
  An orc wizard (D:10)
  A scorpion zombie (D:5)
  2 ogre zombies (D:9)
  2 howler monkey zombies
  A gnoll (D:6)
  An adder (D:4)
  An adder zombie (Ossuary)
  3 dart slugs
  13 orcs
  A bat (D:1)
  6 endoplasms
  3 giant cockroaches
  2 goblins
  A hobgoblin (D:3)
  2 quokkas
  7 ball pythons
  4 frilled lizards
  A hobgoblin skeleton (D:9)
  5 hobgoblin zombies
  6 kobolds
  2 kobold zombies (Ossuary)
  An orc skeleton (D:9)
  5 orc zombies
  A rat (D:2)
  A rat zombie (Ossuary)
136 creatures vanquished.

Vanquished Creatures (collateral kills)
  Snorg (D:10)
  A hydra (D:11)
  Urug (Orc:1)
  Joseph (D:9)
  2 trolls (D:10)
  Prince Ribbit (D:6)
  A wyvern (D:9)
  10 yaks
  A shadow (D:10)
  A steam dragon (D:10)
  3 vampire mosquitoes
  An acid dragon (D:9)
  A black bear (D:5)
  A sky beast (D:8)
  3 orc warriors
  An ice beast (D:6)
  2 centaurs (D:9)
  6 ogres
  2 phantoms (D:9)
  An elf zombie (Ossuary)
  3 scorpions
  A troll zombie (D:9)
  2 killer bees (D:10)
  8 wights
  5 howler monkeys
  2 electric eels (D:10)
  A centaur zombie (D:6)
  5 hounds
  A human zombie (Ossuary)
  8 orc priests
  3 iguanas
  7 orc wizards
  4 ogre zombies (D:9)
  2 hound skeletons
  2 mummies (Ossuary)
  3 gnolls (D:6)
  8 adders
  3 shadow imps
  An adder zombie (Ossuary)
  2 worms
  14 orcs
  3 endoplasms
  A giant cockroach (D:4)
  A goblin (D:1)
  2 hobgoblins
  3 jackals (D:2)
  A ball python (D:3)
  5 goblin zombies
  A hobgoblin skeleton (D:9)
  7 hobgoblin zombies
  A jackal zombie (Ossuary)
  7 kobold zombies (Ossuary)
  2 orc skeletons (D:9)
  14 orc zombies
  2 rats
  2 rat zombies (Ossuary)
178 creatures vanquished.

Vanquished Creatures (others)
  10 battlemagi
  An ancestor (D:7)
  5 plants (D:5)
16 creatures vanquished.

Grand Total: 330 creatures vanquished

Notes
Turn   | Place    | Note
-------+----------+-------------------------------------------
     0 | D:1      | Hasart the Kobold Summoner began the quest for the Orb.
     0 | D:1      | Reached XP level 1. HP: 10/10 MP: 3/3
   198 | D:1      | Reached XP level 2. HP: 4/15 MP: 3/5
   205 | D:1      | Learned a level 2 spell: Call Imp
  1188 | D:1      | Reached XP level 3. HP: 19/19 MP: 6/6
  1637 | D:1      | Learned a level 3 spell: Call Canine Familiar
  2673 | D:3      | Reached skill level 5 in Summonings
  2823 | D:3      | Reached XP level 4. HP: 15/24 MP: 1/7
  3545 | D:4      | Noticed an ogre
  3558 | D:4      | Killed an ogre
  3559 | D:4      | Reached XP level 5. HP: 28/28 MP: 4/9
  3564 | D:4      | Learned a level 4 spell: Summon Lightning Spire
  3630 | D:4      | Reached skill level 6 in Summonings
  3662 | D:4      | Reached XP level 6. HP: 32/32 MP: 11/11
  3756 | D:4      | Reached skill level 1 in Air Magic
  4037 | D:4      | Reached XP level 7. HP: 36/36 MP: 12/12
  4231 | D:4      | Reached skill level 7 in Summonings
  4407 | D:5      | Entered Level 5 of the Dungeon
  4504 | D:5      | Got the Compendium of Displaced Black Rites
  4676 | D:5      | Reached XP level 8. HP: 41/41 MP: 11/14
  4736 | D:5      | Found a sand-covered staircase.
  4742 | Ossuary  | Entered an ossuary
  4991 | Ossuary  | Reached skill level 5 in Spellcasting
  4991 | Ossuary  | Reached skill level 8 in Summonings
  5425 | D:5      | Identified the ring of Codda {rF+ AC+4}
  5440 | D:5      | Found a staircase to the Ecumenical Temple.
  5447 | Temple   | Entered the Ecumenical Temple
  5462 | Temple   | Became a worshipper of Hepliaklqana the Forgotten
  5686 | D:5      | Learned a level 3 spell: Mephitic Cloud
  5690 | D:5      | Learned a level 3 spell: Ignite Poison
  6055 | D:6      | Reached XP level 9. HP: 45/45 MP: 11/17
  6294 | D:6      | Noticed Prince Ribbit
  6302 | D:6      | Killed Prince Ribbit
  6303 | D:6      | Reached skill level 9 in Summonings
  6303 | D:6      | Reached skill level 1 in Fire Magic
  6303 | D:6      | Reached skill level 1 in Poison Magic
  6925 | D:7      | Reached * piety under Hepliaklqana
  7008 | D:7      | Reached skill level 5 in Air Magic
  7045 | D:7      | You fall into a shaft and drop 2 floors!
  7299 | D:8      | Noticed Erica
  7310 | D:8      | Killed Erica
  7311 | D:8      | Reached skill level 10 in Summonings
  7311 | D:8      | Reached XP level 10. HP: 45/45 MP: 1/19
  8296 | D:7      | Found a shimmering altar of Xom.
  8338 | D:7      | Reached ** piety under Hepliaklqana
  8426 | D:7      | Remembered your ancestor Vojta as a battlemage
  8631 | D:7      | Found a shimmering altar of Xom.
  8632 | D:7      | Found a shimmering altar of Xom.
  8632 | D:7      | Noticed a guardian serpent
  8637 | D:7      | Found a shimmering altar of Xom.
  8638 | D:7      | Found a shimmering altar of Xom.
  8776 | D:7      | Found a shimmering altar of Xom.
  8776 | D:7      | Noticed a great orb of eyes
  8779 | D:7      | Noticed a komodo dragon
  9128 | D:9      | Found a staircase to the Orcish Mines.
  9164 | D:9      | Reached skill level 11 in Summonings
  9299 | D:9      | Noticed Joseph
  9310 | D:9      | Killed Joseph
  9311 | D:9      | Reached XP level 11. HP: 14/48 MP: 11/22
  9313 | D:9      | Noticed Maurice
  9596 | D:9      | Killed Maurice
  9710 | D:10     | Entered Level 10 of the Dungeon
  9721 | D:10     | Reached skill level 5 in Poison Magic
  9727 | D:10     | Reached skill level 5 in Fire Magic
  9831 | D:10     | Identified the +5 short sword of Subjectivity {pain, +Blink
                  | rC+ Int-5}
  9842 | D:10     | Reached skill level 1 in Invocations
  9842 | D:10     | Reached skill level 1 in Evocations
  9850 | D:10     | Reached skill level 1 in Fighting
 10091 | D:10     | Found Zaloq's Distillery.
 10388 | D:10     | Found a staircase to the Lair.
 10558 | D:10     | Reached *** piety under Hepliaklqana
 10860 | D:10     | Noticed Sonja
 10869 | D:10     | Killed Sonja
 10870 | D:10     | Reached skill level 12 in Summonings
 10870 | D:10     | Noticed Snorg
 11157 | D:10     | Killed Snorg
 11158 | D:10     | Reached XP level 12. HP: 57/57 MP: 11/24
 11307 | D:11     | Noticed an eight-headed hydra
 11324 | D:11     | Killed an eight-headed hydra
 11333 | D:11     | Reached skill level 5 in Stealth
 11593 | D:11     | Noticed a six-headed hydra
 11613 | D:11     | Killed a six-headed hydra
 12267 | Orc:1    | Entered Level 1 of the Orcish Mines
 12550 | Orc:1    | Noticed Urug
 12558 | Orc:1    | Killed Urug
 12559 | Orc:1    | Reached skill level 5 in Dodging
 12814 | Orc:2    | Entered Level 2 of the Orcish Mines
 12814 | Orc:2    | Found a staircase to the Elven Halls.
 12835 | Orc:2    | Noticed Rupert
 12847 | Orc:2    | Slain by Rupert

Illustrated notes

Levels and vault maps discovered:
D:1:      minmay_arrival_jagged, layout_basic
D:2:      layout_basic
D:3:      layout_loops_ring, chequers_serial_rivers_micro_e, grunt_ministairs_6
D:4:      layout_rooms
D:5:      layout_basic, minmay_temple_entry_gardened_gates, enter_ossuary_1,
          kennysheep_generic_room_2
D:6:      layout_basic, uniq_prince_ribbit1
D:7:      layout_cave_pools, xom_shifter_show
D:8:      layout_loops_ring, uniq_erica
D:9:      minmay_weird_star, layout_rooms, zombieorc2_lemuel, uniq_joseph,
          uniq_maurice
D:10:     layout_stronghold, erik_lair_island, serial_shops, shop,
          minmay_chambers_of_fives, uniq_snorg, uniq_sonja
D:11:     layout_loops_cross, kennysheep_cluttered_room
Temple:   grunt_wide_crystal_templ
Orc:1:    layout_caves, basic_altar, uniq_urug
Orc:2:    st_orc_rangers, layout_diamond_mine, gauntlet_entry_generic,
          basic_altar, library_closet, uniq_rupert

Skill      XL: |  1  2  3  4  5  6  7  8  9 10 11 12 |
---------------+-------------------------------------+-----
Summonings     | 5 6 7 8 10 11 12 | 12.7
Spellcasting   | 3 4 5 6 7 8 |  8.6
Air Magic      | 1 2 4 5 6 7 |  7.8
Fire Magic     | 3 4 5 |  5.0
Poison Magic   | 3 4 5 |  5.0
Stealth        | 4 6 |  6.3
Invocations    | 2 4 |  4.2
Evocations     | 2 4 |  4.3
Fighting       | 2 4 |  4.0
Dodging        | 3 5 |  5.1
Short Blades   | |  0.3
Maces & Flails | |  0.3

Action                   |  1- 3 |  4- 6 |  7- 9 | 10-12 || total
-------------------------+-------+-------+-------+-------++-------
Melee: Unarmed           |    30 |       |       |       ||    30
       Punch             |     1 |       |       |       ||     1
       Dagger            |    72 |    94 |    10 |       ||   176
       Club              |    14 |       |       |       ||    14
       Quarterstaff      |       |       |   226 |   163 ||   389
 Cast: Summon Small Mamm |     3 |       |       |       ||     3
       Call Imp          |     2 |     4 |    13 |       ||    19
       Call Canine Famil |     4 |     6 |    22 |    23 ||    55
       Mephitic Cloud    |       |       |     4 |    39 ||    43
       Ignite Poison     |       |       |     3 |    20 ||    23
       Summon Lightning  |       |       |       |     5 ||     5
Invok: Ancestor Identity |       |       |     1 |       ||     1
       Ancestor Life: Ba |       |       |       |     1 ||     1
Evoke: Wand              |       |       |       |     1 ||     1
  Use: Potion            |     1 |       |       |     1 ||     2
       Scroll            |       |       |     9 |     9 ||    18
 Stab: Sleeping          |    21 |     9 |     6 |     6 ||    42
       Distracted        |       |       |     1 |     5 ||     6
       Confused          |       |       |       |     4 ||     4
Armor: Robe              |    14 |    17 |    75 |    36 ||   142
       Steam dragon scal |       |       |       |    29 ||    29
       Troll leather arm |       |       |       |    32 ||    32
Dodge: Dodged            |    88 |    81 |   201 |   155 ||   525

Table legend: (Time is in decaauts)
 A = Elapsed time spent in this place.
 B = Non-inter-level travel time spent in this place.
 C = Inter-level travel time spent in this place.
 D = Time resting spent in this place.
 E = Time spent auto-exploring this place.
 F = Levels seen in this place.
 G = Mean time per level.
                   A        B        C        D        E       F      G
               +--------+--------+--------+--------+--------+-----+--------+
         Total |  12967 |  12510 |    457 |    648 |   8835 |  15 |  864.5 |
       Dungeon |  12078 |  11648 |    430 |    648 |   8395 |  11 | 1098.0 |
        Temple |     92 |     84 |      8 |      0 |     56 |   1 |   92.0 |
  Orcish Mines |    399 |    381 |     18 |      0 |    235 |   2 |  199.5 |
       Ossuary |    396 |    396 |      0 |      0 |    149 |   1 |  396.0 |
               +--------+--------+--------+--------+--------+-----+--------+

Top non-repeatable levels by time:
     D:1: 1688 daAuts
    D:10: 1406 daAuts
     D:9: 1248 daAuts
     D:8: 1227 daAuts
     D:5: 1171 daAuts
    D:11: 976 daAuts
     D:2: 962 daAuts
     D:6: 899 daAuts
     D:3: 893 daAuts
     D:4: 863 daAuts
     D:7: 742 daAuts
 Ossuary: 396 daAuts
   Orc:1: 366 daAuts
  Temple: 92 daAuts
   Orc:2: 33 daAuts
